 Dungeon Crawl Stone Soup version 0.22-a0-443-g17c3723 (webtiles) character file.

38 Gorglomux the Chopper (level 3, -1/23 HPs)
             Began as a Gargoyle Fighter on June 1, 2018.
             Slain by a shadow imp (3 damage)
             ... summoned by Natasha
             ... on level 2 of the Dungeon.
             The game lasted 00:00:23 (521 turns).

Gorglomux the Chopper (Gargoyle Fighter)             Turns: 521, Time: 00:00:24

Health: -1/23      AC: 12    Str: 20    XL:     3   Next: 43%
Magic:  3/3        EV:  7    Int:  8    God:
Gold:   17         SH:  9    Dex:  9    Spells: 2/2 levels left

rFire    . . .     SeeInvis .   a - +0 war axe
rCold    . . .     Gourm    .   c - +0 shield
rNeg     + . .     Faith    .   b - +0 scale mail
rPois    ∞         Spirit   .   m - +0 helmet (curse)
rElec    +         Reflect  .   (no cloak)
rCorr    .         Harm     .   l - +0 pair of gloves
MR       .....                  (no boots)
Stlth    ..........             (no amulet)
HPRegen  0.07/turn              (no ring)
MPRegen  0.08/turn              (no ring)

@: slowed, very slow
A: negative energy resistance 1, electricity resistance, unbreathing,
petrification resistance, rot immunity, AC +3
a: no special abilities


You were on level 2 of the Dungeon.
You were not hungry.

You visited 1 branch of the dungeon, and saw 2 of its levels.

You collected 17 gold pieces.

Inventory:

Hand Weapons
 a - a +0 war axe (weapon)
Armour
 b - a +0 scale mail (worn)
 c - a +0 shield (worn)
 l - a +0 pair of gloves (worn)
 m - a cursed +0 helmet (worn)
Jewellery
 k - an uncursed amulet of guardian spirit {unknown}
Scrolls
 g - a scroll of noise {unknown}
Potions
 d - a potion of might
 i - a potion of haste {unknown}
 j - a potion of cancellation {unknown}
Comestibles
 f - 2 rations


   Skills:
 - Level 3.2 Fighting
 + Level 3.4 Axes
 - Level 3.2 Armour
 - Level 3.2 Shields


You had 2 spell levels left.
You didn't know any spells.
Your spell library was empty.

Dungeon Overview and Level Annotations

Branches:
Dungeon (2/15)

Altars:

Annotations:
D:2 Natasha


Innate Abilities, Weirdness & Mutations

You are resistant to torment.
Your stone body is resilient. (AC +3)
You are immune to poison.
You resist negative energy. (rN+)
You are resistant to electric shocks. (rElec)
You can survive without breathing.
You are immune to petrification.
You are immune to rotting.


Message History

You closely miss Natasha!
Natasha is severely wounded!
You chop the white imp but do no damage!
Natasha claws you but does no damage! The white imp butts at you!
The puff of frost misses you!
Natasha mumbles some strange words!
The white imp hits you but does no damage!
You open Natasha like a pillowcase!
Natasha is almost dead!
You barely miss the white imp! You chop the shadow imp into pieces!
Natasha casts a spell at you! The magic dart hits you!!!
DANG; * * * butt't die
* * * The white imp hits you but does no damage!
The shadow imp hits you but does no damage!
Natasha casts a spell at you! The magic dart hits you!!!
The white imp barely misses you! The shadow imp hits you! rip

.......... ..........
.........# ....
.........# ###+####.....
.........# #...........#
.........###...........#
......5................#
......h@5..............#
.......................#
........?..............#
............÷..........#
.......................#
...........###'#########
....$......# #.#
...........# #.#
########## #.#


You could see Natasha, a white imp and a shadow imp.

Vanquished Creatures
  Natasha (D:2)
  A giant cockroach (D:1)
  2 goblins (D:1)
  3 hobgoblins (D:1)
  2 kobolds (D:1)
  A ball python (D:1)
  A bat (D:1)
  A frilled lizard (D:2)
12 creatures vanquished.

Notes
Turn   | Place    | Note
-------+----------+-------------------------------------------
     0 | D:1      | Gorglomux the Gargoyle Fighter began the quest for the Orb.
     0 | D:1      | Reached XP level 1. HP: 14/14 MP: 1/1
   113 | D:1      | Reached XP level 2. HP: 19/19 MP: 2/2
   270 | D:2      | Noticed Natasha
   283 | D:2      | Killed Natasha
   283 | D:2      | Reached skill level 3 in Axes
   283 | D:2      | Reached XP level 3. HP: 7/23 MP: 3/3
   513 | D:2      | Noticed Natasha
   521 | D:2      | Slain by a shadow imp

Vault maps used:
D:1:      dpeg_arrival_radiant, hangedman_abyss_or_decor_stabs
D:2:      lightli_temple_of_fire, old_standard_altar,
          chequers_ecumenical_altar_lobes, uniq_natasha

Skill      XL: |  1  2 |
---------------+-------+-----
Axes           | 2 3 |  3.4
Fighting       | |  3.2
Armour         | |  3.2
Shields        | |  3.2

Action                   || total
-------------------------++-------
Melee: War axe           ||    48
Armor: Scale mail        ||    32
Dodge: Dodged            ||    13
Block: Shield            ||    23

Table legend:
 A = Spawn XP
 B = Non-spawn XP
 C = Spawn XP percentage of total XP
 D = Spawn monster count
 E = Non-spawn monster count
 F = Spawn count percentage of total count
 G = Total turns spent on level
                    A         B        C        D         E        F      G
               +---------+---------+-------+---------+---------+-------+---------
         Total |       0 |      55 |   0.0 |       0 |      12 |   0.0 |   521
               +---------+---------+-------+---------+---------+-------+---------
           D:1 |       0 |      17 |   0.0 |       0 |      10 |   0.0 |   246
           D:2 |       0 |      38 |   0.0 |       0 |       2 |   0.0 |   275
               +---------+---------+-------+---------+---------+-------+---------
